 Dungeon Crawl Stone Soup version 0.31-a0-704-g1016066182 (webtiles) character file.

Game seed: 2595187410539301685

93 Ordine the Ruffian (level 4, 0/29 HPs)
             Began as an Octopode Shapeshifter on Sept 9, 2023.
             Slain by a gnoll
             ... wielding a +0 spear
              (2 damage)
             ... on level 4 of the Dungeon.
             The game lasted 00:04:35 (2320 turns).

Ordine the Ruffian (Octopode Shapeshifter)          Turns: 2320, Time: 00:04:35

Health: 0/29       AC:  1    Str: 15    XL:     4   Next: 61%
Magic:  4/4        EV: 13    Int: 12    God:
Gold:   138        SH:  0    Dex: 11    Spells: 3/3 levels left

rFire   . .          .
                       - Unarmed
rCold   . . .        (no shield)
rNeg    . . .        (helmet currently unavailable)
rPois   .            (no amulet)
rElec   .            j - +4 ring of slaying
rCorr   .            (no ring)
SInv    .            (no ring)
Will    .....        (no ring)
Stlth   +++          (no ring)
HPRegen 0.24/turn    (no ring)
MPRegen 0.09/turn    (no ring)
                     (no ring)

%: no passive effects
@: beast-form
A: beast (slay +1), almost no armour, amphibious, 8 rings, camouflage 1,
gelatinous body 1, (nimble swimmer 1), tentacles
a: Begin Untransformation


You were on level 4 of the Dungeon.
You were a hulking beast.
You visited 1 branch of the dungeon, and saw 4 of its levels.

You collected 138 gold pieces.

Inventory:

Jewellery
 j - a +4 ring of slaying (left tentacle)
Talismans
 b - a beast talisman (active)
 c - a flux talisman
Scrolls
 f - a scroll of torment {unknown}
 g - 4 scrolls of identify {unknown}
 h - a scroll of teleportation {unknown}
 k - a scroll of poison {unknown}
 m - a scroll of immolation {unknown}
 n - a scroll of enchant armour {unknown}
 p - a scroll of silence {unknown}
 q - a scroll of fear {unknown}
Potions
 a - 3 potions of lignification
 d - 2 potions of degeneration {unknown}
 e - a potion of invisibility {unknown}
 i - a potion of berserk rage {unknown}
 l - a potion of might {unknown}
 o - 3 potions of curing {unknown}
 r - a potion of resistance {unknown}


   Skills:
 + Level 1.7 Fighting
 + Level 2.6 Dodging
 + Level 2.2 Stealth
 * Level 4.0 Unarmed Combat
 + Level 3.3 Shapeshifting


You had 3 spell levels left.
You didn't know any spells.
Your spell library contained the following spells:

 Spells                   Type           Power      Damage    Failure   Level
 Wereblood                Tmut           0%         N/A       45%         2
 Dazzling Flash           Conj/Hex       0%         N/A       69%         3
 Tukima's Dance           Hex            0%         N/A       69%         3
 Dimensional Bullseye     Hex/Tloc       0%         N/A       97%         4
 Iskenderun's Mystic Bla  Conj/Tloc      0%         2d3       97%         4
 Agony                    Necr           0%         N/A       100%        5
 Irradiate                Conj/Tmut      0%         3d11      100%        5
 Silence                  Hex/Air        0%         N/A       100%        5


Dungeon Overview and Level Annotations

Branches:
Dungeon (4/15)
 Temple: D:4-7

Altars:
Okawaru
Sif Muna
Xom
Zin

Shops:
D:3 [


Innate Abilities, Weirdness & Mutations

You are a hulking beast.
Your limbs bulge with bestial killing power. (Slay +1)
You cannot wear most types of armour.
You are amphibious.
You can wear up to eight rings at the same time.
Your skin changes colour to match your surroundings (Stealth+).
Your rubbery body absorbs attacks. (AC +1, EV +1)
((You are camouflaged when in or above water. (Stealth+)))
You have tentacles for arms and can constrict up to eight enemies at once.


Message History

You climb downwards.
There is a stone staircase leading up here.
You climb upwards.
There is a stone staircase leading down here.
There is a stone staircase leading down here.
Done exploring.
Done exploring.
You climb downwards.
There is a stone staircase leading up here.
You climb upwards.
There is a stone staircase leading down here.
You climb downwards.
There is a stone staircase leading up here.
A gnoll comes into view. It is wielding a +0 club.
The gnoll shouts!
You hear a shout!
You tentacle-slap the gnoll. You grab the gnoll. You tentacle-slap the gnoll!
The gnoll is almost dead.
You constrict the gnoll. The gnoll hits you with a +0 club!
You tentacle-slap the gnoll.
You kill the gnoll!
Your Unarmed Combat skill increases to level 4!
No target in view!
No target in view!
A gnoll comes into view. It is wielding a +0 spear.
You are a hulking beast.
You have 8 tentacles available for constriction.
Your movement speed is average.
Your attack delay is about 0.9.
Your damage rating with unarmed combat is about 13 (Base [3 + 4 (UC)] x 112% (Str) x 103% (Fight) + 5 (Slay)).
A gnoll comes into view. It is wielding a +0 halberd.
The gnoll hits you with a +0 spear!
You see here a +0 club.
You closely miss the gnoll. You grab the gnoll. You constrict the gnoll.
The gnoll hits you with a +0 spear!
You are too injured to fight recklessly!
You release your grip on the gnoll.
The gnoll hits you from afar with a +0 spear!
* * * LOW HITPOINT WARNING * * *
The gnoll attacks as it pursues you!
The gnoll hits you from afar with a +0 spear.
You die...

.. #.# . ..# #.##.#
##. ..# ..... .. ...
...# ..... #..# .#.#
#..# ... #..##.#
#.h.g.# #.###.# #<#
.g. .#.# .##.# .....
.# # ....... .#
K########.......####
.......<........#
.########.......#


You could see a gnoll.

Vanquished Creatures
  Robin (D:2)
  A gnoll (D:4)
  An adder (D:3)
  2 dart slugs (D:3)
  3 ball pythons
  4 endoplasms
  2 giant cockroaches (D:2)
  12 goblins
  9 hobgoblins
  6 kobolds
  A quokka (D:2)
  6 bats
  2 frilled lizards (D:1)
  3 rats (D:2)
53 creatures vanquished.

Notes
Turn   | Place    | Note
-------+----------+-------------------------------------------
     0 | D:1      | Ordine the Octopode Shapeshifter began the quest for the
                  | Orb.
     0 | D:1      | Reached XP level 1. HP: 13/13 MP: 1/1
   221 | D:1      | Reached XP level 2. HP: 8/18 MP: 2/2
   276 | D:1      | Reached skill level 1 in Stealth
   892 | D:2      | Noticed Robin
   899 | D:2      | Reached XP level 3. HP: 17/23 MP: 3/3
   901 | D:2      | Killed Robin
  1296 | D:2      | Reached XP level 4. HP: 28/28 MP: 4/4
  1358 | D:2      | Found a shimmering altar of Xom.
  1622 | D:3      | Found an iron altar of Okawaru.
  1742 | D:3      | Found Atoemoj's Armour Shop.
  1767 | D:3      | Found a glowing silver altar of Zin.
  1895 | D:3      | Found a shimmering blue altar of Sif Muna.
  2316 | D:4      | Reached skill level 4 in Unarmed Combat
  2320 | D:4      | Slain by a gnoll

Illustrated notes

Levels and vault maps discovered:
D:1:      ncdulo_wetmaze, layout_loops_ring
D:2:      layout_loops_ring, basic_altar, minmay_tromino_v4_a, uniq_robin
D:3:      layout_loops_ring, nicolae_sif_muna_condensation,
          mainiacjoe_overflow_tiny_flanked, zin_academy, serial_shops,
          nicolae_shop_rolling_square
D:4:      layout_loops_ring, minmay_misc_feat_rugged, uniq_menkaure,
          uniq_duvessa

Skill      XL: |  1  2  3  4 |
---------------+-------------+-----
Stealth        | 1 2 |  2.2
Unarmed Combat | 4 |  4.0
Fighting       | |  1.7
Dodging        | |  2.6
Shapeshifting  | |  3.3

Action                     |  1- 3 |  4- 6 || total
---------------------------+-------+-------++-------
  Melee: Unarmed           |    71 |    18 ||    89
         Constrict         |    12 |     5 ||    17
         Tentacles         |     5 |     2 ||     7
         Punch             |       |     1 ||     1
    Use: Potion            |     1 |       ||     1
   Stab: Sleeping          |     8 |     4 ||    12
 Armour: Skin              |    24 |     9 ||    33
  Dodge: Dodged            |    35 |     6 ||    41

Table legend: (Time is in decaauts)
 A = Elapsed time spent in this place.
 B = Non-inter-level travel time spent in this place.
 C = Inter-level travel time spent in this place.
 D = Time resting spent in this place.
 E = Time spent auto-exploring this place.
 F = Levels seen in this place.
 G = Mean time per level.
                   A        B        C        D        E       F      G
               +--------+--------+--------+--------+--------+-----+--------+
         Total |   2314 |   2117 |    197 |    117 |   1652 |   4 |  578.5 |
       Dungeon |   2314 |   2117 |    197 |    117 |   1652 |   4 |  578.5 |
               +--------+--------+--------+--------+--------+-----+--------+

Top non-repeatable levels by time:
     D:2: 871 daAuts
     D:3: 717 daAuts
     D:1: 709 daAuts
     D:4: 16 daAuts
